Match 27899643
Unlisted

Match 27899643
End
Pioneer Squad
Construct Infanterie Kompanie
Grenadier Squad
Selects Italian Coastal Battlegroup
Selects Coastal Reserves
Grenadier Squad
Grenadier Squad
Infanterie Officer Quarters
Selects Artillery Officer
Artillery Officer
Construct Panzergrenadier Kompanie
Pak 40 Anti-tank Gun Team
Sniper
Pak 40 Anti-tank Gun Team
Pak 40 Anti-tank Gun Team
Construct Panzer Kompanie
Sturmpanzer IV Brummbär
Pioneer Squad
Sturmpanzer IV Brummbär
Panzer Officer Quarters
Selects Support Bunkers
Selects Designated Artillery Overwatch
FeriG
*Mule
aSIISymbiosis
InSaNiedi
0
0

Comments sign in to comment!

No comments posted yet!